 Dungeon Crawl Stone Soup version 0.29.1-2-gbd0b4ee654 (webtiles) character file.

Game seed: 15067076683849357516

57 Araneus the Cudgeller (level 3, -3/29 HPs)
             Began as a Demonspawn Fighter on Nov 5, 2022.
             Slain by an ogre
             ... wielding a +0 giant club
              (32 damage)
             ... on level 3 of the Dungeon.
             The game lasted 00:02:26 (1991 turns).

Araneus the Cudgeller (Demonspawn Fighter)          Turns: 1991, Time: 00:02:26

Health: -3/29      AC: 10    Str: 18    XL:     3   Next: 73%
Magic:  3/3        EV:  6    Int:  9    God:
Gold:   78         SH:  4    Dex: 14    Spells: 2/2 levels left

rFire   . . .      SeeInvis .   a - +0 flail
rCold   . . .      Faith    .   c - +0 buckler
rNeg    . . .      Spirit   .   q - +0 chain mail
rPois   .          Reflect  .   m - +0 helmet
rElec   .          Harm     .   (no cloak)
rCorr   .          Rampage  .   (no gloves)
Will    .....                   (no boots)
Stlth   ..........              (no amulet)
HPRegen 0.09/turn               b - +4 ring of slaying
MPRegen 0.08/turn               (no ring)

@: no status effects
A: thin skeletal structure 1
a: no special abilities


You were on level 3 of the Dungeon.
You visited 1 branch of the dungeon, and saw 3 of its levels.

You collected 78 gold pieces.

Inventory:

Hand Weapons
 a - a +0 flail (weapon)
Armour
 c - a +0 buckler (worn)
 m - a +0 helmet (worn)
 q - a +0 chain mail (worn)
Jewellery
 b - a +4 ring of slaying (left hand)
 r - a +6 ring of intelligence
 s - a ring of flight
Scrolls
 f - a scroll of brand weapon {unknown}
 g - a scroll of magic mapping {unknown}
 h - a scroll of vulnerability {unknown}
 i - 2 scrolls of butterflies {unknown}
 k - a scroll of amnesia {unknown}
 n - a scroll of summoning {unknown}
 p - 3 scrolls of identify {unknown}
Potions
 d - a potion of might
 e - a potion of berserk rage {unknown}
 j - a potion of lignification {unknown}
 l - a potion of degeneration {unknown}
 o - a potion of heal wounds {unknown}


   Skills:
 - Level 3.0 Fighting
 + Level 3.7 Maces & Flails
 - Level 2.6 Armour
 - Level 2.6 Shields


You had 2 spell levels left.
You didn't know any spells.
Your spell library was empty.

Dungeon Overview and Level Annotations

Branches:
Dungeon (3/15)

Altars:


Innate Abilities, Weirdness & Mutations

You have a somewhat thin skeletal structure. (Dex +2, Stealth+)


Message History

No target in view!
You see here a bat corpse.
Done exploring.
Done exploring.
There is a stone staircase leading down here.
You climb downwards.
The endoplasm quivers.
Found a scroll labelled ZAEKKA RAMAM.
There is a stone staircase leading up here.
You thump the endoplasm!
You kill the endoplasm!
No target in view!
No target in view!
No target in view!
No target in view!
No target in view!
No target in view!
No target in view!
No target in view!
No target in view!
No target in view!
No target in view!
No target in view!
A rat comes into view.
A ball python comes into view.
You see here a scroll labelled ZAEKKA RAMAM.
An ogre comes into view. It is wielding a +0 giant club.
The ogre shouts!
You block the rat's attack.
You closely miss the rat. You block the rat's attack.
The ball python bites you but does no damage.
The ball python grabs you. The ball python constricts you.
You hit the ball python.
You kill the ball python!
The rat barely misses you.
You hit the rat.
The rat is severely wounded.
The rat bites you but does no damage. x2
The ogre hits you with a +0 giant club!!
Ouch! That really hurt!
You die...

############
#..........##
##########............
#........#..........#
#........#..........#
#...................#
#..r@..?.........#
......O###..........#
####.## #..........# #
#.....<....#
##...####### #.###
#.^# #..## ...#


You could see an ogre and a rat.

Vanquished Creatures
  An adder (D:2)
  A dart slug (D:1)
  5 bats
  6 endoplasms
  3 giant cockroaches (D:1)
  2 hobgoblins (D:1)
  3 jackals (D:1)
  2 kobolds (D:1)
  3 quokkas (D:1)
  5 ball pythons
  3 frilled lizards (D:1)
  3 goblins
  3 rats
40 creatures vanquished.

Notes
Turn   | Place    | Note
-------+----------+-------------------------------------------
     0 | D:1      | Araneus the Demonspawn Fighter began the quest for the Orb.
     0 | D:1      | Reached XP level 1. HP: 18/18 MP: 1/1
   345 | D:1      | Gained mutation: You have a somewhat thin skeletal
                  | structure. (Dex +2, Stealth+) [demonic ancestry]
   345 | D:1      | Reached XP level 2. HP: 24/24 MP: 2/2
   824 | D:1      | Reached XP level 3. HP: 27/29 MP: 3/3
  1987 | D:3      | Noticed an ogre
  1991 | D:3      | Slain by an ogre

Illustrated notes

Levels and vault maps discovered:
D:1:      sevenhm_arrival_forest_fort_small_3, layout_basic
D:2:      layout_rooms, hangedman_decor_growths, minmay_pentomino_s2
D:3:      layout_rooms, hellmonk_ecumenical_altar_dog_temple, uniq_grinder,
          uniq_ijyb

Skill      XL: |  1  2 |
---------------+-------+-----
Maces & Flails | 2 3 |  3.7
Fighting       | |  3.0
Armour         | |  2.6
Shields        | |  2.6

Action                   || total
-------------------------++-------
Melee: Flail             ||   118
 Stab: Sleeping          ||     1
Armor: Scale mail        ||    62
       Chain mail        ||     5
Dodge: Dodged            ||    49
Block: Buckler           ||    39
